 Dungeon Crawl Stone Soup version 0.26-a0-708-g17f3b190f9 (webtiles) character file.

Game seed: 17148597522483483013

2 robertstho the Chiller (level 1, 0/13 HPs)
             Began as a Gnoll Ice Elementalist on Oct 29, 2020.
             Succumbed to a goblin's poison
             ... on level 1 of the Dungeon.
             The game lasted 00:00:18 (78 turns).

robertstho the Chiller (Gnoll Ice Elementalist)       Turns: 78, Time: 00:00:19

Health: 0/13       AC:  2    Str: 10    XL:     1   Next: 30%
Magic:  6/6        EV: 14    Int: 17    God:
Gold:   0          SH:  0    Dex: 15    Spells: 8/9 levels left

rFire    . . .     SeeInvis .   c - +2 dagger (venom)
rCold    . . .     Faith    .   (no shield)
rNeg     . . .     Spirit   .   a - +0 robe
rPois    .         Reflect  .   (no helmet)
rElec    .         Harm     .   (no cloak)
rCorr    .         Rampage  .   (no gloves)
MR       .....                  (no boots)
Stlth    +++.......             (no amulet)
HPRegen  0.04/turn              (no ring)
MPRegen  0.10/turn              (no ring)

@: lethally poisoned (0 -> -5)
A: distributed training, fangs 1, strong nose
a: no special abilities


You were on level 1 of the Dungeon.
You visited 1 branch of the dungeon, and saw 1 of its levels.

Inventory:

Hand Weapons
 c - a +2 dagger of venom (weapon)
Armour
 a - a +0 robe (worn)
Scrolls
 b - a scroll of remove curse {unknown}


   Skills:
 + Level 0.0 Fighting
 + Level 0.0 Short Blades
 + Level 0.0 Long Blades
 + Level 0.0 Axes
 + Level 0.0 Maces & Flails
 + Level 0.0 Polearms
 + Level 0.0 Staves
 + Level 0.0 Slings
 + Level 0.0 Bows
 + Level 0.0 Crossbows
 + Level 0.0 Throwing
 + Level 0.0 Armour
 + Level 4.4 Dodging
 + Level 4.0 Stealth
 + Level 0.0 Shields
 + Level 0.0 Unarmed Combat
 + Level 4.8 Spellcasting
 + Level 0.0 Conjurations
 + Level 0.0 Hexes
 + Level 0.0 Summonings
 + Level 0.0 Necromancy
 + Level 0.0 Translocations
 + Level 0.0 Transmutations
 + Level 0.0 Fire Magic
 + Level 7.0 Ice Magic
 + Level 0.0 Air Magic
 + Level 0.0 Earth Magic
 + Level 0.0 Poison Magic
 + Level 0.1 Invocations
 + Level 0.0 Evocations


You had 8 spell levels left.
You knew the following spells:

 Your Spells              Type           Power        Failure   Level
a - Freeze                Ice            ####         1%          1

Your spell library contained the following spells:

 Spells                   Type           Power        Failure   Level
 Frozen Ramparts          Ice            ####..       2%          3
 Ozocubu's Armour         Ice            ####....     2%          3
 Hailstorm                Conj/Ice       ###.....     32%         4
 Summon Ice Beast         Ice/Summ       ###.....     32%         4


Dungeon Overview and Level Annotations

Branches:
Dungeon (1/15)

Altars:


Innate Abilities, Weirdness & Mutations

Your experience applies equally to all skills.
You have very sharp teeth.
Your uncanny sense of smell can sniff out nearby items.


Message History

You feel sick.
Unknown command.
Okay, then.
You aren't carrying any potions.
You feel sick.
You feel sick.
You feel sick.
* * * LOW HITPOINT WARNING * * *
You feel sick.
* * * LOW HITPOINT WARNING * * *
You feel sick.
There is an open door here.
* * * LOW HITPOINT WARNING * * *
You feel sick.
You see here a ring mail.
You see here a hunting sling.
* * * LOW HITPOINT WARNING * * *
You feel sick.
There is an open door here.
You die...

.# .# . . # ###### # #....#
########....################
.......'[.).'...@...........
########....#.######.######
# #....#.# #..# # ######.#
#####.### # #.#
#.......######### .
#..#.............#≈≈≈ #
#..##....#...≈≈≈....≈
#.....#..#...≈≈≈≈≈...
#...#.#....≈≈≈.≈≈≈≈≈≈


There were no monsters in sight!

Vanquished Creatures
  A goblin (D:1)
  A bat (D:1)
2 creatures vanquished.

Notes
Turn   | Place    | Note
-------+----------+-------------------------------------------
     0 | D:1      | robertstho the Gnoll Ice Elementalist began the quest for
                  | the Orb.
     0 | D:1      | Reached XP level 1. HP: 13/13 MP: 6/6
    78 | D:1      | Succumbed to a goblin's poison

Illustrated notes

Levels and vault maps discovered:
D:1:      dpeg_arrival_more_subterranean_lakeside_camping, layout_basic

Action                   || total
-------------------------++-------
Melee: Unarmed           ||     1
 Cast: Freeze            ||     2
 Stab: Sleeping          ||     1
Dodge: Dodged            ||     2

Table legend: (Time is in decaauts)
 A = Elapsed time spent in this place.
 B = Non-inter-level travel time spent in this place.
 C = Inter-level travel time spent in this place.
 D = Time resting spent in this place.
 E = Time spent auto-exploring this place.
 F = Levels seen in this place.
 G = Mean time per level.
                   A        B        C        D        E       F      G
               +--------+--------+--------+--------+--------+-----+--------+
         Total |     78 |     78 |      0 |      0 |     43 |   1 |   78.0 |
       Dungeon |     78 |     78 |      0 |      0 |     43 |   1 |   78.0 |
               +--------+--------+--------+--------+--------+-----+--------+

Top non-repeatable levels by time:
     D:1: 78 daAuts
